 Dungeon Crawl Stone Soup version 0.30.1 (webtiles) character file.

Game seed: 2280165732928894488

420 ChrisAssaf the Charlatan (level 7, -1/50 HPs)
             Began as a Human Artificer on July 1, 2023.
             Slain by a centaur warrior (11 damage)
             ... on level 8 of the Dungeon.
             The game lasted 00:05:49 (1383 turns).

ChrisAssaf the Charlatan (Human Artificer)          Turns: 1383, Time: 00:05:50

Health: -1/50      AC:  3    Str: 12    XL:     7   Next: 16%
Magic:  9/9        EV: 12    Int: 13    God:
Gold:   149        SH:  0    Dex: 14    Spells: 9/9 levels left

rFire   . . .        j - +2 hand axe (freeze)
rCold   . . .        (no shield)
rNeg    . . .        b - +0 leather armour
rPois   .            (no helmet)
rElec   .            (no cloak)
rCorr   .            (no gloves)
SInv    .            (no boots)
Will    .....        (no amulet)
Stlth   ++           (no ring)
HPRegen 0.28/turn    (no ring)
MPRegen 0.11/turn

%: no passive effects
@: no status effects
A: no striking features
a: no special abilities


You were on level 8 of the Dungeon.
You visited 1 branch of the dungeon, and saw 8 of its levels.

You collected 149 gold pieces.

Inventory:

Hand Weapons
 a - a +0 club
 f - a +2 dagger of electrocution
 j - a +2 hand axe of freezing (weapon)
Armour
 b - a +0 leather armour (worn)
Wands
 c - a wand of flame (6) (quivered)
 d - a wand of charming (13)
 l - a wand of light (2)
Scrolls
 i - a scroll of enchant armour {unknown}
Potions
 e - a potion of mutation {unknown}
 g - a potion of flight {unknown}
 h - 2 potions of heal wounds {unknown}


   Skills:
 * Level 2.3 Fighting
 - Level 1.7 Short Blades
 * Level 0.3(0.7) Axes
 - Level 1.0 Maces & Flails
 * Level 3.2 Armour
 * Level 2.2 Dodging
 * Level 2.4 Stealth
 * Level 1.5 Spellcasting
 * Level 4.8 Evocations


You had 9 spell levels left.
You didn't know any spells.
Your spell library was empty.

Dungeon Overview and Level Annotations

Branches:
Dungeon (7/15)
 Temple: D:4-7

Altars:

Shops:
D:5 =


Message History

The centaur warrior wields a +0 shortbow.
The centaur warrior shoots an arrow.
The arrow misses you.
The boulder beetle waves its antennae.
The centaur warrior shoots an arrow.
The arrow completely misses you.
You strike the helpless centaur warrior from behind!
You hit the centaur warrior. You freeze the centaur warrior.
The centaur warrior is moderately wounded.
The centaur warrior is no longer blind.
The centaur warrior unwields a +0 shortbow.
The centaur warrior hits you!
The centaur warrior kicks you but does no damage.
The centaur warrior barely misses you. The centaur warrior kicks you.
You hit the centaur warrior. You freeze the centaur warrior.
The centaur warrior is moderately wounded.
The centaur warrior misses you. The centaur warrior kicks you.
You hit the centaur warrior but do no damage.
The centaur warrior is moderately wounded.
The centaur warrior hits you but does no damage.
The centaur warrior closely misses you. The centaur warrior barely misses you.
The centaur warrior closely misses you.
You completely miss the centaur warrior.
The centaur warrior is moderately wounded.
The centaur warrior closely misses you. The centaur warrior barely misses you.
The centaur warrior hits you. The centaur warrior kicks you.
You hit the centaur warrior. You freeze the centaur warrior.
The centaur warrior is heavily wounded.
The centaur warrior hits you but does no damage.
The centaur warrior kicks you.
* * * LOW HITPOINT WARNING * * *
The centaur warrior hits you.
* * * LOW HITPOINT WARNING * * *
The centaur warrior kicks you.
* * * LOW HITPOINT WARNING * * *
Aiming: Bolt of Light
Press: ? - help, Shift-Dir - straight line, f/p - centaur warrior
Aim: a centaur warrior (moderately wounded, 81% to hit)
The bolt of light hits the centaur warrior!
The centaur warrior is severely wounded.
The centaur warrior is blinded.
The centaur warrior hits you!
You die...

## #..###l#.#B#
#.##...####.###
#..........⌠?..
#......####.####.
#.....###.#.#B###
#....###.##.##.##
#.......###.###..
#.......##...##..
+......@#.....#.
#.....#c....#..
#.....#.....+
..... #.....#
..... #.....#
#..# #.....## ###
##.....#
#.....#.....
#.....#....


You could see a boulder beetle and a centaur warrior (blind).

Vanquished Creatures
  2 phantoms (D:5)
  A scorpion (D:5)
  A hound (D:5)
  2 orc priests (D:2)
  A jelly (D:5)
  An orc wizard (D:2)
  2 gnolls
  An ufetubus (D:4)
  A dart slug (D:1)
  10 orcs
  2 endoplasms
  A giant cockroach (D:4)
  A goblin (D:2)
  2 hobgoblins
  A kobold (D:1)
  A rat (D:1)
30 creatures vanquished.

Vanquished Creatures (collateral kills)
  A gnoll (D:3)
  A ball python (D:3)
2 creatures vanquished.

Vanquished Creatures (others)
  An orc (D:3)
1 creature vanquished.

Grand Total: 33 creatures vanquished

Notes
Turn   | Place    | Note
-------+----------+-------------------------------------------
     0 | D:1      | ChrisAssaf the Human Artificer began the quest for the Orb.
     0 | D:1      | Reached XP level 1. HP: 15/15 MP: 1/1
   126 | D:1      | Reached XP level 2. HP: 8/21 MP: 2/2
   296 | D:2      | Reached XP level 3. HP: 25/26 MP: 3/3
   296 | D:2      | Reached XP level 4. HP: 31/32 MP: 4/4
   304 | D:2      | Reached skill level 4 in Evocations
   373 | D:3      | Reached XP level 5. HP: 37/37 MP: 6/6
   533 | D:4      | Reached skill level 1 in Maces & Flails
   623 | D:5      | Entered Level 5 of the Dungeon
   637 | D:5      | Reached skill level 1 in Short Blades
   639 | D:5      | Reached skill level 1 in Spellcasting
   639 | D:5      | Reached XP level 6. HP: 34/44 MP: 7/7
   972 | D:5      | Reached XP level 7. HP: 22/50 MP: 9/9
  1083 | D:5      | Found Nocen's Jewellery Boutique.
  1333 | D:7      | You fall into a shaft and drop 1 floor!
  1369 | D:8      | Noticed a centaur warrior
  1369 | D:8      | Noticed a boulder beetle
  1376 | D:8      | Noticed a basilisk
  1376 | D:8      | Noticed a boulder beetle
  1383 | D:8      | Slain by a centaur warrior

Illustrated notes

Levels and vault maps discovered:
D:1:      psy_arrival_spokes, layout_basic, serial_shops, shop
D:2:      layout_basic, shapermc_ecumenical_altar_flowoftime, kennysheep_nub
D:3:      layout_rooms
D:4:      layout_gridville
D:5:      layout_loops_ring, mainiacjoe_overflow_surrounded_room, serial_shops,
          shop, minivault_14
D:6:      layout_basic, minmay_temple_entry_grid, serial_shops,
          kennysheep_little_box, uniq_crazy_yiuf_cottage, uniq_sigmund
D:7:      layout_cave_pools, nicolae_overflow_hidden_temple, serial_gnoll_camp,
          gnoll_camp_mini_loothouse, gnoll_camp_mini_hut, gnoll_camp_mini_hut,
          grums_kennel, enter_bailey_6
D:8:      layout_gridville, lair_entry_dummy, minivault_26, kb_rosetta

Skill      XL: |  1  2  3  4  5  6 |
---------------+-------------------+-----
Evocations     | 4 |  4.8
Maces & Flails | 1 |  1.0
Short Blades   | 1 |  1.7
Stealth        | 2 |  2.4
Spellcasting   | 1 |  1.5
Fighting       | 2 |  2.3
Armour         | 3 |  3.2
Dodging        | 2 |  2.2
Axes           | |  0.3

Action                     |  1- 3 |  4- 6 |  7- 9 || total
---------------------------+-------+-------+-------++-------
  Melee: Club              |    27 |       |       ||    27
         Dagger            |     3 |    73 |       ||    76
         Hand axe          |       |    19 |     5 ||    24
  Evoke: Wand              |     6 |    10 |     2 ||    18
    Use: Scroll            |       |       |     2 ||     2
   Stab: Invisible         |       |       |     1 ||     1
 Armour: Leather armour    |     9 |    24 |     3 ||    36
  Dodge: Dodged            |    14 |    60 |    15 ||    89
